 Dungeon Crawl Stone Soup version 0.19.0-22-gd96e5fe (webtiles) character file.

159 Ladykiller69 the Chopper (level 5, -4/42 HPs)
             Began as a Formicid Fighter on Nov 18, 2016.
             Slain by a gnoll
             ... wielding a +0 spear
              (7 damage)
             ... on level 4 of the Dungeon.
             The game lasted 00:04:46 (2536 turns).

Ladykiller69 the Chopper (Formicid Fighter)         Turns: 2536, Time: 00:04:46

Health: -4/42      AC:  7    Str: 21    XL:     5   Next: 68%
Magic:  5/5        EV:  8    Int:  8    God:
Gold:   178        SH:  9    Dex: 10    Spells: 0 memorised, 4 levels left

rFire  . . .     SeeInvis +     a - +0 war axe
rCold  . . .     Gourm    .     b - +0 scale mail
rNeg   . . .     Faith    .     c - +0 shield
rPois  .         Spirit   .     (helmet unavailable)
rElec  .         Reflect  .     (no cloak)
rCorr  .         Harm     .     (no gloves)
MR     .....                    (no boots)
Stlth  ..........               (no amulet)
                                (no ring)
                                l - ring of loudness (curse)

@: no status effects
A: permanent stasis, dig shafts and tunnels, four strong arms, antennae 3
a: Dig, Shaft Self


You were on level 4 of the Dungeon.
You were not hungry.

You visited 1 branch of the dungeon, and saw 4 of its levels.

You collected 178 gold pieces.

Inventory:

Hand Weapons
 a - a +0 war axe (weapon)
Missiles
 s - 79 stones (quivered)
Armour
 b - a +0 scale mail (worn)
 c - a +0 shield (worn)
Jewellery
 l - a cursed ring of loudness (left hand)
 r - a +5 ring of strength {unknown}
Scrolls
 e - a scroll of remove curse {unknown}
 g - a scroll of blinking {unknown}
 h - a scroll of enchant armour {unknown}
 i - a scroll of teleportation {unknown}
 k - 4 scrolls of identify {unknown}
 m - a scroll of amnesia {unknown}
 o - 3 scrolls of immolation {unknown}
Potions
 d - 2 potions of might
 j - 2 potions of degeneration {unknown}
 q - 2 potions of agility {unknown}
 t - a potion of cure mutation {unknown}
Comestibles
 f - 3 bread rations
 n - a meat ration
 p - 4 chunks of flesh


   Skills:
 + Level 3.7 Fighting
 * Level 4.3 Axes
 + Level 4.0 Armour
 + Level 4.2 Shields


You had 4 spell levels left.
You didn't know any spells.

Dungeon Overview and Level Annotations

Branches:
Dungeon (4/15)
 Temple: D:4-7

Altars:
Ashenzari
Dithmenos
Trog
The Shining One


Innate Abilities, Weirdness & Mutations

You are under a permanent stasis effect.
You can dig through walls and to a lower floor.
Your four strong arms can wield two-handed weapons with a shield.
You have a pair of large antennae on your head. (SInv)


Message History

Ouch! That really hurt!
* * * LOW HITPOINT WARNING * * *
Found two items.
Found a stone staircase leading down.
You see here a scroll labeled ABOVVE MYLALOV.
The frilled lizard hisses angrily.
You block the frilled lizard's attack. The frilled lizard barely misses you.
The gnoll shouts!
The gnoll hits you but does no damage. You block the frilled lizard's attack.
The gnoll closely misses you.
The gnoll shouts!
You block the gnoll's attack.
The ogre hits you with a giant spiked club.
* * * LOW HITPOINT WARNING * * *
You block the gnoll's attack. You block the gnoll's attack.
You block the gnoll's attack.
There is an escape hatch in the ceiling here.
The gnoll hits you from afar with a spear!
You die...

#..# .#...............
##.?# ........... .....
#...##### ..........###...
#.?>#...# ...............
#.#.#.#
...........(..#####.#.#.#
.$........#.........#..<#
......?...#.........#.....#
......)...#.@.......#.#####
.........(gO.....##.#..
.....##<...###...##.###
..........g..#l..##.#
..).................#
###..........########
#..........# ########...#
#####


You could see an ogre, 2 gnolls and a frilled lizard.

Vanquished Creatures
  A hound (D:3)
  An orc wizard (D:3)
  2 adders
  2 gnolls
  2 worms
  3 orcs (D:3)
  5 giant cockroaches
  9 hobgoblins
  4 jackals (D:1)
  A quokka (D:2)
  2 ball pythons (D:1)
  6 bats
  5 frilled lizards
  3 goblins
  5 kobolds
  8 rats
59 creatures vanquished.

Notes
Turn   | Place    | Note
-------+----------+-------------------------------------------
     0 | D:1      | Ladykiller69 the Formicid Fighter began the quest for the Orb.
     0 | D:1      | Reached XP level 1. HP: 18/18 MP: 1/1
   246 | D:1      | Reached XP level 2. HP: 24/24 MP: 2/2
   759 | D:1      | Reached XP level 3. HP: 29/29 MP: 3/3
  1406 | D:2      | Reached XP level 4. HP: 33/35 MP: 4/4
  1419 | D:2      | Found a bloodstained altar of Trog.
  1419 | D:2      | Found a shadowy altar of Dithmenos.
  1424 | D:2      | Found a glowing golden altar of the Shining One.
  1426 | D:2      | Found a faded altar of an unknown god.
  1428 | D:2      | Found a shattered altar of Ashenzari.
  1855 | D:3      | Found a shadowy altar of Dithmenos.
  2014 | D:3      | Reached XP level 5. HP: 10/41 MP: 5/5
  2511 | D:4      | Noticed an ogre
  2531 | D:4      | HP: 2/42 [ogre/giant spiked club (3)]
  2536 | D:4      | Slain by a gnoll

Skill      XL: |  1  2  3  4  5 |
---------------+----------------+-----
Axes           | 3 4 |  4.3
Shields        | 4 |  4.2
Armour         | 4 |  4.0
Fighting       | |  3.7

Action                   |  1- 3 |  4- 6 || total
-------------------------+-------+-------++-------
Melee: War axe           |   138 |    82 ||   220
  Eat: Chunk             |     2 |     4 ||     6
Armor: Scale mail        |    77 |    39 ||   116
Dodge: Dodged            |    51 |    30 ||    81
Block: Shield            |    79 |    67 ||   146
